 Dungeon Crawl Stone Soup version 0.20.0-10-g0535bb4 (webtiles) character file.

77 Gorglomux the Insei (level 4, 0/32 HPs)
             Began as a Demonspawn Transmuter on June 7, 2017.
             Succumbed to an adder's poison
             ... on level 2 of the Dungeon.
             The game lasted 00:04:53 (1866 turns).

Gorglomux the Insei (Demonspawn Transmuter)         Turns: 1866, Time: 00:04:53

Health: 0/32       AC:  3    Str: 11    XL:     4   Next: 13%
Magic:  7/7        EV: 12    Int: 15    God:
Gold:   30         SH:  0    Dex: 15    Spells: 1/7 levels left

rFire    . . .     SeeInvis .     - Unarmed
rCold    . . .     Gourm    .   (no shield)
rNeg     . . .     Faith    .   b - +0 robe
rPois    .         Spirit   .   (helmet restricted)
rElec    .         Reflect  .   h - +0 cloak
rCorr    .         Harm     .   (no gloves)
MR       .....                  (no boots)
Stlth    +++.......             (no amulet)
Regen    0.1/turn               (no ring)
MPRegen  0.1/turn               (no ring)

@: lethally poisoned (0 -> -4)
A: horns 1, thin skeletal structure 1, nightstalker 1
a: no special abilities


You were on level 2 of the Dungeon.
You were very hungry.

You visited 1 branch of the dungeon, and saw 2 of its levels.

You collected 30 gold pieces.

Inventory:

Missiles
 a - 10 arrows
Armour
 b - a +0 robe (worn)
 h - a +0 cloak (worn)
Scrolls
 i - a scroll of random uselessness {unknown}
 j - 2 scrolls of enchant armour {unknown}
 l - a scroll of fog {unknown}
 m - a scroll of immolation {unknown}
 T - a scroll of teleportation
Books
 c - a book of Changes

   Spells                             Type                      Level
   a - Beastly Appendage              Transmutation                1
   b - Sticks to Snakes               Transmutation                2
   c - Spider Form                    Transmutation/Poison         3
   d - Ice Form                       Ice/Transmutation            4
   e - Blade Hands                    Transmutation                5
Comestibles
 d - a bread ration


   Skills:
 - Level 1.0 Fighting
 - Level 1.7 Dodging
 + Level 4.5 Unarmed Combat
 - Level 2.0 Spellcasting
 - Level 1.7 Transmutations


You had one spell level left.
You knew the following spells:

 Your Spells              Type           Power        Failure   Level  Hunger
a - Beastly Appendage     Tmut           #.....       11%         1    #......
b - Sticks to Snakes      Tmut           #.......     16%         2    ###....
c - Spider Form           Tmut/Pois      #.........   43%         3    ###....


Dungeon Overview and Level Annotations

Branches:
Dungeon (2/15)

Altars:


Innate Abilities, Weirdness & Mutations

You have a pair of small horns on your head.
You have a somewhat thin skeletal structure. (Dex +2, Stealth)
You are slightly more attuned to the shadows.


Message History

You feel sick. The adder closely misses you.
You miss the adder. You claw the adder.
You kill the adder!
Unknown command.
Unknown command.
As you read the scroll labeled LOEPYI PAORUFI, it crumbles to dust.
You feel strangely unstable.
It was a scroll of teleportation.
T - a scroll of teleportation Your talons disappear.
* * * LOW HITPOINT WARNING * * *
You feel sick.
A giant cockroach comes into view.
You see here an adder corpse.
* * * LOW HITPOINT WARNING * * *
You feel sick.
Your surroundings suddenly seem different.
* * * LOW HITPOINT WARNING * * *
You feel sick.
Found 14 gold pieces.
You die...

##.# #.# #.# ##'####
# ......#### #.#
......'..# ######...#
......##.# #........#
......##.# #........#
......##.# #@.....#.#
###...##.#
#.......$..# #...##.#
#..........# #...##.#
#..........+ #...##.#
####.......#
#...##.######.......+
#...##......#.......#
###...#######.#
............#.#


There were no monsters in sight!

Vanquished Creatures
  A gnoll (D:1)
  An adder (D:2)
  2 worms (D:2)
  2 dart slugs (D:1)
  3 leopard geckos (D:1)
  5 bats
  2 giant cockroaches (D:1)
  3 goblins
  2 hobgoblins (D:1)
  3 jackals (D:1)
  9 kobolds
  4 rats (D:1)
37 creatures vanquished.

Vanquished Creatures (collateral kills)
  An adder (D:2)
  2 rats (D:1)
3 creatures vanquished.

Vanquished Creatures (others)
  A bush (D:1)
1 creature vanquished.

Grand Total: 41 creatures vanquished

Notes
Turn   | Place    | Note
-------+----------+-------------------------------------------
     0 | D:1      | Gorglomux the Demonspawn Transmuter began the quest for the Orb.
     0 | D:1      | Reached XP level 1. HP: 15/15 MP: 3/3
   193 | D:1      | Reached skill level 3 in Unarmed Combat
   260 | D:1      | Gained mutation: You have a somewhat thin skeletal structure. (Dex +2, Stealth) [demonic ancestry]
   260 | D:1      | Reached XP level 2. HP: 19/21 MP: 3/5
   264 | D:1      | Learned a level 2 spell: Sticks to Snakes
   518 | D:1      | Gained mutation: You are slightly more attuned to the shadows. [demonic ancestry]
   518 | D:1      | Reached XP level 3. HP: 20/26 MP: 4/6
   775 | D:1      | Learned a level 3 spell: Spider Form
   849 | D:1      | Reached skill level 4 in Unarmed Combat
  1607 | D:2      | Gained mutation: You have a pair of small horns on your head. [demonic ancestry]
  1607 | D:2      | Reached XP level 4. HP: 3/32 MP: 2/7
  1863 | D:2      | HP: 1/32 [poisoned by an adder]
  1866 | D:2      | Succumbed to an adder's poison

Skill      XL: |  1  2  3 |
---------------+----------+-----
Unarmed Combat | 3 4 |  4.5
Fighting       | |  1.0
Dodging        | |  1.7
Spellcasting   | |  2.0
Transmutations | |  1.7

Action                   |  1- 3 |  4- 6 || total
-------------------------+-------+-------++-------
Melee: Unarmed           |   156 |     8 ||   164
       Kick              |    19 |     6 ||    25
       Headbutt          |     7 |       ||     7
       Punch             |     3 |       ||     3
 Cast: Beastly Appendage |    20 |     1 ||    21
       Sticks to Snakes  |     2 |       ||     2
  Use: Scroll            |       |     1 ||     1
 Stab: Sleeping          |     9 |       ||     9
  Eat: Royal jelly       |     1 |       ||     1
       Chunk             |     1 |       ||     1
Armor: Robe              |    23 |     2 ||    25
Dodge: Dodged            |    88 |     1 ||    89
